 Dungeon Crawl Stone Soup version 0.23-a0-635-g88ca12a (webtiles) character file.

3 zishaf the Stinger (level 1, 0/11 HPs)
             Began as an Octopode Venom Mage on Dec 28, 2018.
             Slain by a hobgoblin
             ... wielding a cursed -2 club
              (1 damage)
             ... on level 1 of the Dungeon.
             The game lasted 00:00:27 (144 turns).

zishaf the Stinger (Octopode Venom Mage)             Turns: 144, Time: 00:00:27

Health: 0/11       AC:  1    Str:  7    XL:     1   Next: 50%
Magic:  2/3        EV: 13    Int: 17    God:
Gold:   12         SH:  0    Dex: 12    Spells: 3/4 levels left

rFire    . . .     SeeInvis .   (no weapon)
rCold    . . .     Gourm    .   (no shield)
rNeg     . . .     Faith    .   (helmet restricted)
rPois    .         Spirit   .   (no amulet)
rElec    .         Reflect  .   (no ring)
rCorr    .         Harm     .   (no ring)
MR       .....                  (no ring)
Stlth    +++.......             (no ring)
HPRegen  0.03/turn              (no ring)
MPRegen  0.08/turn              (no ring)
                                (no ring)
                                (no ring)

@: very slightly contaminated
A: almost no armour, stealthy swim, amphibious, 8 rings, constrict 8, camouflage
1, gelatinous body 1
a: no special abilities


You were on level 1 of the Dungeon.
You were not hungry.

You visited 1 branch of the dungeon, and saw 1 of its levels.

You collected 12 gold pieces.

Inventory:

Scrolls
 e - a scroll of amnesia {unknown}
Potions
 a - 2 potions of curing {unknown}
 d - 2 potions of heal wounds {unknown}
Comestibles
 b - a ration
 c - 4 chunks of flesh


   Skills:
 + Level 0.2 Fighting
 + Level 2.0 Dodging
 + Level 2.8 Stealth
 - Level 2.0 Spellcasting
 + Level 1.1 Conjurations
 + Level 3.7 Poison Magic


You had 3 spell levels left.
You knew the following spells:

 Your Spells              Type           Power        Failure   Level  Hunger
a - Sting                 Conj/Pois      #...         8%          1    #......

Your spell library contained the following spells:

 Spells                   Type           Power        Failure   Level  Hunger
 Poisonous Vapours        Pois/Air       #.....       14%         2    ###....
 Mephitic Cloud           Conj/Pois/Air  #.......     30%         3    ###....
 Olgreb's Toxic Radiance  Pois           ##......     38%         4    #####..
 Venom Bolt               Conj/Pois      #.........   90%         5    ######.


Dungeon Overview and Level Annotations

Branches:
Dungeon (1/15)

Altars:


Innate Abilities, Weirdness & Mutations

You cannot wear most types of armour.
You are very stealthy in the water. (Stealth+)
You are amphibious.
You can wear up to eight rings at the same time.
You can use your tentacles to constrict eight enemies at once.
Your skin changes colour to match your surroundings (Stealth+).
Your rubbery body absorbs attacks. (AC +1, EV +1)


Message History

The hobgoblin hits you with a cursed -2 club!
Ouch! That really hurt!
You are too injured to fight recklessly!
You are too injured to fight recklessly!
You are too injured to fight recklessly!
You completely miss the hobgoblin. Your grab misses the hobgoblin.
You tentacle-slap the hobgoblin but do no damage.
Your grab misses the hobgoblin.
The hobgoblin hits you with a cursed -2 club.
* * * LOW HITPOINT WARNING * * *
Casting: Sting (safe; 8% risk of failure)
Confirm with . or Enter, or press ? or * to list all spells.
Aiming: Sting (safe; 8% risk of failure)
Press: ? - help, Shift-Dir - straight line, f - hobgoblin
Aim: a hobgoblin, wielding a -2 club You miscast Sting.
You are very lightly contaminated with residual magic.
Nothing appears to happen.
The hobgoblin hits you with a cursed -2 club.
You die...

######################
.(.รท............@g...#
######..############.#
# #..# #.# ######..#
#.# ........# #.#
.#####.#############.#
.# #.............#.#
##################.#.#
.................#.#.#


You could see a hobgoblin.

Vanquished Creatures
  A giant cockroach (D:1)
  3 rats (D:1)
4 creatures vanquished.

Notes
Turn   | Place    | Note
-------+----------+-------------------------------------------
     0 | D:1      | zishaf the Octopode Venom Mage began the quest for the Orb.
     0 | D:1      | Reached XP level 1. HP: 11/11 MP: 3/3
   144 | D:1      | Slain by a hobgoblin

Vault maps used:
D:1:      tarquinn_simple_flora_water_b

Action                   || total
-------------------------++-------
Melee: Unarmed           ||     9
       Constrict         ||     3
       Tentacles         ||     3
 Stab: Sleeping          ||     2
Dodge: Dodged            ||     4

Table legend:
 A = Non-vault XP
 B = Vault XP
 C = Vault XP percentage of total XP
 D = Non-vault monster count
 E = Vault monster count
 F = Vault count percentage of total count
                 A         B        C        D         E       F
            +---------+---------+-------+---------+---------+-------
      Total |       5 |       0 |   0.0 |       4 |       0 |   0.0
            +---------+---------+-------+---------+---------+-------
        D:1 |       5 |       0 |   0.0 |       4 |       0 |   0.0
            +---------+---------+-------+---------+---------+-------
